AAA WEST
EL PASO CHIHUAHUAS @ SACRAMENTO RIVER CATS
06/17/2042
 
TOP OF THE 1ST
El Paso Chihuahuas batting - Pitching for Sacramento River Cats : RHP Héctor Palma
Pitching: RHP Héctor Palma
Batting: RHB Jung-jun Moon 0-0: Bunt for hit to 2R - play at first, batter OUT! 2-3
Batting: LHB Freddy Newton 0-0: Ball
1-0: Ball
2-0: Ball
3-0: Called Strike
3-1: Foul Ball, location: 2F
3-2: DOUBLE (Flyball, 89D, EV 104.4 MPH)
Batting: LHB Ángelo Martínez 0-0: Ball
1-0: Ball
2-0: Foul Ball, location: 2F
2-1: Swinging Strike
2-2: Ball
3-2: Foul Ball, location: 2F
3-2: Foul Ball, location: 2F
3-2: Base on Balls
Batting: LHB César Guzmán 0-0: Ball
1-0: Called Strike
1-1: Ball
2-1: Foul Ball, location: 7LSF
2-2: Foul Ball, location: 5SF
2-2: Foul Ball, location: 3F
2-2: DOUBLE (Flyball, 78XD, EV 103.1 MPH)
Freddy Newton scores
Ángelo Martínez to third
Runner from 3rd tries for Home, SAFE, throw by LF to home
Batting: LHB Shawn Jones 0-0: 2-RUN HOME RUN (Flyball, 78XD, EV 110.6 MPH), Distance : 436 ft
Batting: RHB José Beltrán 0-0: Ball
1-0: Ball
2-0: Foul Ball, location: 2F
2-1: Ball
3-1: Called Strike
3-2: Base on Balls
Batting: RHB Esdras Ghasabov 0-0: Ball
José Beltrán steals 2nd base
1-0: Ball
2-0: Called Strike
2-1: Swinging Strike
2-2: Ball
3-2: Foul Ball, location: 2F
3-2: Foul Ball, location: 2F
3-2: Ground out 5-3 (Groundball, 5L, EV 105.6 MPH)
Batting: RHB Cristo Lópes 0-0: Ball
1-0: DOUBLE (Line Drive, 8LXD, EV 108.1 MPH)
José Beltrán scores
Batting: LHB Greg Greene 0-0: Ball
1-0: Ground out 6-3 (Groundball, 6, EV 100.6 MPH)
Top of the 1st over - 5 runs, 4 hits, 0 errors, 1 left on base; El Paso 5 - Sacramento 0
BOTTOM OF THE 1ST
Sacramento River Cats batting - Pitching for El Paso Chihuahuas : LHP Ernie Hall
Pitching: LHP Ernie Hall
Batting: LHB Deron Ferrell 0-0: Called Strike
0-1: Ball
1-1: Swinging Strike
1-2: Ball
2-2: SINGLE (Groundball, 4MD, EV 100.0 MPH) (infield hit)
Batting: RHB Dewitt Mathews 0-0: Called Strike
Deron Ferrell is caught stealing 2nd base 2-4
0-1: SINGLE (Line Drive, 4MD, EV 68.1 MPH)
Batting: LHB Artie Wells 0-0: Ball
Dewitt Mathews steals 2nd base
1-0: Ground out 4-3 (Groundball, 4, EV 105.6 MPH)
Dewitt Mathews to third
Batting: LHB Jesús Rivera 0-0: Called Strike
0-1: Ball
1-1: Foul Ball, location: 2F
1-2: DOUBLE (Flyball, 8RXD, EV 107.5 MPH)
Dewitt Mathews scores
Batting: RHB Lou MacDonald 0-0: Called Strike
0-1: DOUBLE (Flyball, 78XD, EV 103.8 MPH)
Jesús Rivera scores
Batting: RHB Gavino Giardina 0-0: Ground out U3 (Groundball, 3L, EV 86.3 MPH)
Bottom of the 1st over - 2 runs, 4 hits, 0 errors, 1 left on base; El Paso 5 - Sacramento 2
TOP OF THE 2ND
El Paso Chihuahuas batting - Pitching for Sacramento River Cats : RHP Héctor Palma
Batting: RHB Jung-jun Moon 0-0: DOUBLE (Line Drive, 8LXD, EV 111.3 MPH)
Batting: LHB Freddy Newton 0-0: Swinging Strike
0-1: Ground out 6-3 (Groundball, 6MD, EV 98.1 MPH)
Jung-jun Moon to third
Batting: LHB Ángelo Martínez 0-0: Ball
1-0: Ball
2-0: Called Strike
2-1: Ball
3-1: Base on Balls
Batting: LHB César Guzmán 0-0: Called Strike
0-1: Fly out, F9 (Flyball, 9, EV 96.9 MPH)
Runner from 3rd tags up, SCORES, no throw by RF
Batting: LHB Shawn Jones 0-0: DOUBLE (Line Drive, 9LS, EV 91.3 MPH)
Ángelo Martínez to third
Batting: RHB José Beltrán 0-0: Ball
1-0: Called Strike
1-1: Foul Ball, location: 9LDF
1-2: SINGLE (Line Drive, 6D, EV 102.5 MPH)
Ángelo Martínez scores
Shawn Jones to third
Runner from 3rd tries for Home, SAFE, throw by LF to home
Batting: RHB Esdras Ghasabov 0-0: Ball
1-0: Called Strike
1-1: Ball
2-1: Fielders Choice at 2nd, 5-4 (Groundball, 56, EV 100.6 MPH)
Top of the 2nd over - 3 runs, 3 hits, 0 errors, 1 left on base; El Paso 8 - Sacramento 2
BOTTOM OF THE 2ND
Sacramento River Cats batting - Pitching for El Paso Chihuahuas : LHP Ernie Hall
Batting: RHB José Simmons 0-0: Ball
1-0: Called Strike
1-1: Ball
2-1: Ground out 6-3 (Groundball, 6, EV 75.6 MPH)
Batting: RHB Tim Miller 0-0: Ball
1-0: Foul Ball, location: 9LSF
1-1: Ground out 6-3 (Groundball, 6S, EV 61.9 MPH)
Batting: RHB Jim Unknown 0-0: Called Strike
0-1: Ball
1-1: Ball
2-1: Ball
3-1: Foul Ball, location: 9LDF
3-2: Base on Balls
Batting: LHB Deron Ferrell 0-0: Called Strike
0-1: SINGLE (Line Drive, 89S, EV 97.5 MPH)
Jim Unknown to second
Runner from 2nd tries for 3rd, SAFE, throw by RF made to third
Batting: RHB Dewitt Mathews 0-0: Called Strike
0-1: Called Strike
0-2: Ball
1-2: Foul Ball, location: 9LDF
1-2: Ball
2-2: Foul Ball, location: 7LDF
2-2: Foul Ball, location: 9LDF
2-2: Ball
3-2: Ground out 2-3 (Groundball, 2R, EV 70.6 MPH)
Bottom of the 2nd over - 0 runs, 1 hit, 0 errors, 2 left on base; El Paso 8 - Sacramento 2
TOP OF THE 3RD
El Paso Chihuahuas batting - Pitching for Sacramento River Cats : RHP Héctor Palma
Pitching: RHP Dusty James
Batting: RHB Cristo Lópes 0-0: Ball
1-0: Ball
2-0: Ball
3-0: Base on Balls
Batting: LHB Greg Greene 0-0: Ball
1-0: Ball
2-0: Called Strike
2-1: Ball
3-1: Called Strike
3-2: Grounds into double play, 4-6-3 (Groundball, 4M, EV 101.9 MPH)
Batting: RHB Jung-jun Moon 0-0: Called Strike
0-1: Ball
1-1: Ball
2-1: Called Strike
2-2: Fly out, F6 (Popup, 6, EV 78.8 MPH)
Top of the 3rd over - 0 runs, 0 hits, 0 errors, 0 left on base; El Paso 8 - Sacramento 2
BOTTOM OF THE 3RD
Sacramento River Cats batting - Pitching for El Paso Chihuahuas : LHP Ernie Hall
Batting: LHB Artie Wells 0-0: Ground out 4-3 (Groundball, 4S, EV 69.4 MPH)
Batting: LHB Jesús Rivera 0-0: Ball
1-0: SINGLE (Groundball, 56S, EV 66.3 MPH) (infield hit)
Batting: RHB Lou MacDonald 0-0: Foul Ball, location: 2F
0-1: Foul Ball, location: 2F
0-2: Ball
1-2: Ball
2-2: SINGLE (Line Drive, 34, EV 95.0 MPH)
Jesús Rivera to second
Batting: RHB Gavino Giardina 0-0: Called Strike
0-1: Ground out 4-3 (Groundball, 4S, EV 70.6 MPH)
Jesús Rivera to third
Lou MacDonald to second
Batting: RHB José Simmons 0-0: Called Strike
0-1: Ground out 6-3 (Groundball, 56, EV 105.6 MPH)
Bottom of the 3rd over - 0 runs, 2 hits, 0 errors, 2 left on base; El Paso 8 - Sacramento 2
TOP OF THE 4TH
El Paso Chihuahuas batting - Pitching for Sacramento River Cats : RHP Dusty James
Batting: LHB Freddy Newton 0-0: Ball
1-0: Called Strike
1-1: Ball
2-1: Fly out, F6 (Popup, 6M, EV 50.6 MPH)
Batting: LHB Ángelo Martínez 0-0: Ball
1-0: Ball
2-0: Ball
3-0: Base on Balls
Batting: LHB César Guzmán 0-0: Ball
1-0: Ball
2-0: SINGLE (Groundball, 34D, EV 100.0 MPH)
Ángelo Martínez to second
Runner from 2nd tries for 3rd, SAFE, throw by RF made to third
Batting: LHB Shawn Jones 0-0: Ball
1-0: Swinging Strike
1-1: Ball
2-1: Called Strike
2-2: Foul Ball, location: 25F
2-2: Strikes out looking
Batting: RHB José Beltrán 0-0: Called Strike
0-1: Hit by Pitch
César Guzmán to second
Batting: RHB Esdras Ghasabov 0-0: Called Strike
0-1: Ball
1-1: Swinging Strike
1-2: Ball
2-2: Ball
3-2: Base on Balls
Ángelo Martínez scores
César Guzmán to third
José Beltrán to second
Batting: RHB Cristo Lópes 0-0: Ball
1-0: Ball
2-0: Ball
3-0: Called Strike
3-1: Base on Balls
César Guzmán scores
José Beltrán to third
Esdras Ghasabov to second
Batting: LHB Greg Greene 0-0: Ball
1-0: Swinging Strike
1-1: Ball
2-1: Ground out 4-3 (Groundball, 4, EV 86.9 MPH)
Top of the 4th over - 2 runs, 1 hit, 0 errors, 3 left on base; El Paso 10 - Sacramento 2
BOTTOM OF THE 4TH
Sacramento River Cats batting - Pitching for El Paso Chihuahuas : LHP Ernie Hall
Batting: RHB Tim Miller 0-0: Foul Ball, location: 7LSF
0-1: Ball
1-1: Ball
2-1: Ball
3-1: Ground out 5-3 (Groundball, 56, EV 87.5 MPH)
Batting: RHB Jim Unknown 0-0: Ball
1-0: Swinging Strike
1-1: Foul Ball, location: 23F
1-2: Foul Ball, location: 9LMF
1-2: Strikes out swinging
Batting: LHB Deron Ferrell 0-0: Ball
1-0: Ball
2-0: Ball
3-0: Called Strike
3-1: Base on Balls
Batting: RHB Dewitt Mathews 0-0: Foul Ball, location: 5FF
0-1: Ground out 4-3 (Groundball, 4, EV 102.5 MPH)
Bottom of the 4th over - 0 runs, 0 hits, 0 errors, 1 left on base; El Paso 10 - Sacramento 2
TOP OF THE 5TH
El Paso Chihuahuas batting - Pitching for Sacramento River Cats : RHP Dusty James
Batting: RHB Jung-jun Moon 0-0: Ball
1-0: Called Strike
1-1: Ball
2-1: SOLO HOME RUN (Flyball, 7LD, EV 92.5 MPH), Distance : 344 ft
Batting: LHB Freddy Newton 0-0: Called Strike
0-1: Foul Ball, location: 7LDF
0-2: Ball
1-2: Fly out, F7 (Flyball, 78M, EV 95.6 MPH)
Batting: LHB Ángelo Martínez 0-0: Called Strike
0-1: Ball
1-1: Called Strike
1-2: Foul Ball, location: 2F
1-2: Ball
2-2: Ball
3-2: Base on Balls
Pitching: RHP Dave Coleman
Batting: LHB César Guzmán 0-0: Ball
1-0: Ball
2-0: Ball
3-0: Called Strike
3-1: Base on Balls
Ángelo Martínez to second
Batting: LHB Shawn Jones 0-0: Ball
1-0: Called Strike
1-1: Ball
2-1: Ball
3-1: TRIPLE (Flyball, 89XD, EV 105.6 MPH)
Ángelo Martínez scores
César Guzmán scores
Batting: RHB José Beltrán 0-0: Called Strike
0-1: Swinging Strike
0-2: Strikes out swinging
Batting: RHB Esdras Ghasabov 0-0: Ball
1-0: 2-RUN HOME RUN (Flyball, 7D, EV 95.0 MPH), Distance : 377 ft
Batting: RHB Cristo Lópes 0-0: Called Strike
0-1: Ball
1-1: Swinging Strike
1-2: Ball
2-2: Ball
3-2: Base on Balls
Batting: LHB Greg Greene 0-0: Called Strike
0-1: SINGLE (Line Drive, 34, EV 96.3 MPH)
Cristo Lópes to second
Batting: RHB Jung-jun Moon 0-0: Called Strike
0-1: Ball
1-1: Fly out, F8 (Flyball, 8LM, EV 86.3 MPH)
Top of the 5th over - 5 runs, 4 hits, 0 errors, 2 left on base; El Paso 15 - Sacramento 2
BOTTOM OF THE 5TH
Sacramento River Cats batting - Pitching for El Paso Chihuahuas : LHP Ernie Hall
Batting: LHB Artie Wells 0-0: Ground out 6-3 (Groundball, 6M, EV 103.8 MPH)
Batting: LHB Jesús Rivera 0-0: Called Strike
0-1: Called Strike
0-2: Ball
1-2: SINGLE (Groundball, 34D, EV 98.8 MPH)
Batting: RHB Lou MacDonald 0-0: Foul Ball, location: 2F
0-1: Fly out, F8 (Flyball, 8LXD, EV 99.4 MPH)
Batting: RHB Gavino Giardina 0-0: Fly out, F7 (Flyball, 7LS, EV 85.6 MPH)
Bottom of the 5th over - 0 runs, 1 hit, 0 errors, 1 left on base; El Paso 15 - Sacramento 2
TOP OF THE 6TH
El Paso Chihuahuas batting - Pitching for Sacramento River Cats : RHP Dave Coleman
Batting: LHB Freddy Newton 0-0: Ball
1-0: Called Strike
1-1: Foul Ball, location: 7LMF
1-2: Foul Ball, location: 2F
1-2: Fly out, F8 (Flyball, 8LM, EV 92.5 MPH)
Batting: LHB Ángelo Martínez 0-0: Ball
1-0: Ball
2-0: Called Strike
2-1: Ground out U3 (Groundball, 34, EV 98.1 MPH)
Batting: LHB César Guzmán 0-0: Ball
1-0: SOLO HOME RUN (Flyball, 9D, EV 96.9 MPH), Distance : 378 ft
Batting: LHB Shawn Jones 0-0: Ball
1-0: Ball
2-0: Ground out 1-3 (Groundball, 34S, EV 73.1 MPH)
Top of the 6th over - 1 run, 1 hit, 0 errors, 0 left on base; El Paso 16 - Sacramento 2
BOTTOM OF THE 6TH
Sacramento River Cats batting - Pitching for El Paso Chihuahuas : LHP Ernie Hall
Batting: RHB José Simmons 0-0: Fly out, F8 (Flyball, 8LS, EV 90.0 MPH)
Batting: RHB Tim Miller 0-0: Fly out, F8 (Flyball, 8LD, EV 96.3 MPH)
Batting: RHB Jim Unknown 0-0: Called Strike
0-1: Called Strike
0-2: Strikes out swinging
Bottom of the 6th over - 0 runs, 0 hits, 0 errors, 0 left on base; El Paso 16 - Sacramento 2
TOP OF THE 7TH
El Paso Chihuahuas batting - Pitching for Sacramento River Cats : RHP Dave Coleman
Batting: RHB José Beltrán 0-0: Called Strike
0-1: Ground out 6-3 (Groundball, 6, EV 81.9 MPH)
Batting: RHB Esdras Ghasabov 0-0: Ball
1-0: Foul Ball, location: 2F
1-1: Fly out, F9 (Flyball, 9S, EV 83.1 MPH)
Batting: RHB Cristo Lópes 0-0: Ball
1-0: Ball
2-0: Fly out, F7 (Flyball, 78M, EV 95.6 MPH)
Top of the 7th over - 0 runs, 0 hits, 0 errors, 0 left on base; El Paso 16 - Sacramento 2
BOTTOM OF THE 7TH
Sacramento River Cats batting - Pitching for El Paso Chihuahuas : LHP Ernie Hall
Pinch Hitting: LHB Darryl Massey 0-0: Ball
1-0: Foul Ball, location: 5DF
1-1: SINGLE (Groundball, 34D, EV 101.9 MPH)
Pinch Hitting: RHB Phil Jordan 0-0: Called Strike
Darryl Massey steals 2nd base (no throw)
0-1: Ball
1-1: Ball
2-1: Ball
3-1: Called Strike
3-2: 2-RUN HOME RUN (Flyball, 78XD, EV 108.8 MPH), Distance : 427 ft
Batting: LHB Artie Wells 0-0: Ground out 4-3 (Groundball, 34, EV 101.3 MPH)
Batting: LHB Jesús Rivera 0-0: Ball
1-0: Ground out 4-3 (Groundball, 4, EV 84.4 MPH)
Batting: RHB Lou MacDonald 0-0: Ball
1-0: Ground out 5-3 (Groundball, 56, EV 97.5 MPH)
Bottom of the 7th over - 2 runs, 2 hits, 0 errors, 0 left on base; El Paso 16 - Sacramento 4
TOP OF THE 8TH
El Paso Chihuahuas batting - Pitching for Sacramento River Cats : RHP Dave Coleman
Now at SS: Phil Jordan
Now in LF: Darryl Massey
Batting: LHB Greg Greene 0-0: Ball
1-0: Called Strike
1-1: Called Strike
1-2: Strikes out looking
Batting: RHB Jung-jun Moon 0-0: Ball
1-0: Called Strike
1-1: Ball
2-1: Ball
3-1: Base on Balls
Pinch Hitting: RHB Jeff Lovell 0-0: Hit by Pitch
Jung-jun Moon to second
Batting: LHB Ángelo Martínez 0-0: Ball
1-0: Foul Ball, location: 9LSF
1-1: Fly out, F9 (Flyball, 89D, EV 104.4 MPH)
Runner from 2nd tags up, SAFE at 3rd, no throw by RF
Batting: LHB César Guzmán 0-0: Ball
1-0: Ball
2-0: Called Strike
2-1: Ball
3-1: Foul Ball, location: 2F
3-2: 3-RUN HOME RUN (Flyball, 89XD, EV 111.9 MPH), Distance : 431 ft
Pitching: RHP Clarence Bishop
Batting: LHB Shawn Jones 0-0: Ball
1-0: Called Strike
1-1: Called Strike
1-2: Ball
2-2: Strikes out swinging
Top of the 8th over - 3 runs, 1 hit, 0 errors, 0 left on base; El Paso 19 - Sacramento 4
BOTTOM OF THE 8TH
Sacramento River Cats batting - Pitching for El Paso Chihuahuas : LHP Ernie Hall
Now in LF: Shawn Jones
Now in RF: Johann Sorely
Batting: RHB Gavino Giardina 0-0: Ball
1-0: Ball
2-0: Foul Ball, location: 23F
2-1: Called Strike
2-2: Strikes out looking
Batting: RHB José Simmons 0-0: Ball
1-0: Called Strike
1-1: Foul Ball, location: 9LDF
1-2: Strikes out swinging
Batting: RHB Tim Miller 0-0: Ball
1-0: Ball
2-0: SINGLE (Line Drive, 9S, EV 91.3 MPH)
Pitching: LHP Don Bright
Batting: RHB Jim Unknown 0-0: Called Strike
0-1: Called Strike
0-2: Ball
1-2: SINGLE (Groundball, 56, EV 106.3 MPH)
Tim Miller to second
Pinch Hitting: RHB Kris Smith 0-0: Called Strike
0-1: Ball
1-1: Ball
2-1: Called Strike
2-2: Ball
3-2: Ground out U3 (Groundball, 3, EV 98.8 MPH)
Bottom of the 8th over - 0 runs, 2 hits, 0 errors, 2 left on base; El Paso 19 - Sacramento 4
TOP OF THE 9TH
El Paso Chihuahuas batting - Pitching for Sacramento River Cats : RHP Clarence Bishop
Now at 2B: Kris Smith
Now in LF: Gavino Giardina
Batting: RHB José Beltrán 0-0: Ground out 5-3 (Groundball, 5, EV 83.1 MPH)
Batting: RHB Esdras Ghasabov 0-0: Foul Ball, location: 2F
0-1: Ball
1-1: Foul Ball, location: 9LDF
1-2: SINGLE (Line Drive, 9S, EV 91.3 MPH)
Batting: RHB Cristo Lópes 0-0: Called Strike
0-1: Ball
1-1: Fly out, F2 (Popup, 23F, EV 90.0 MPH)
Batting: LHB Greg Greene 0-0: Ball
1-0: Swinging Strike
1-1: Fly out, F4 (Line Drive, 4M, EV 73.8 MPH)
Top of the 9th over - 0 runs, 1 hit, 0 errors, 1 left on base; El Paso 19 - Sacramento 4
BOTTOM OF THE 9TH
Sacramento River Cats batting - Pitching for El Paso Chihuahuas : LHP Don Bright
Batting: RHB Phil Jordan 0-0: Called Strike
0-1: Ball
1-1: Foul Ball, location: 7LSF
1-2: Ball
2-2: Foul Ball, location: 23F
2-2: Foul Ball, location: 2F
2-2: Foul Ball, location: 9LMF
2-2: Foul Ball, location: 7LSF
2-2: Foul Ball, location: 2F
2-2: DOUBLE (Flyball, 8RXD, EV 99.4 MPH) - OUT at third base trying to stretch hit.
Pinch Hitting: LHB Luis Manuel Valéncia 0-0: Foul Ball, location: 2F
0-1: Swinging Strike
0-2: Ball
1-2: Ball
2-2: Strikes out swinging
Batting: LHB Jesús Rivera 0-0: Called Strike
0-1: Ground out 4-3 (Groundball, 4M, EV 89.4 MPH)
Bottom of the 9th over - 0 runs, 1 hit, 0 errors, 0 left on base; El Paso 19 - Sacramento 4
Friday, May 3rd , 2024 - OOTP Baseball 24.10 Build 82